 Dungeon Crawl Stone Soup version 0.26-a0-712-ga5a9c9c9d0 (webtiles) character file.

Game seed: 14633879537196795107

419 ANON1729 the Sneak (level 6, -7/57 HPs)
             Began as a Deep Dwarf Wanderer on Oct 31, 2020.
             Mangled by an orc
             ... wielding a +0 scythe
              (12 damage)
             ... on level 4 of the Dungeon.
             The game lasted 00:04:46 (2341 turns).

ANON1729 the Sneak (Deep Dwarf Wanderer)            Turns: 2341, Time: 00:04:47

Health: -7/57      AC:  2    Str: 14    XL:     6   Next: 62%
Magic:  6/6        EV: 11    Int: 14    God:
Gold:   131        SH:  0    Dex: 14    Spells: 5/5 levels left

rFire    . . .     SeeInvis .   a - +2 mace
rCold    . . .     Faith    .   (no shield)
rNeg     . . .     Spirit   .   e - +0 robe
rPois    .         Reflect  .   (no helmet)
rElec    .         Harm     .   (no cloak)
rCorr    .         Rampage  .   (no gloves)
MR       .....                  (no boots)
Stlth    +++.......             (no amulet)
HPRegen  0.00/turn              (no ring)
MPRegen  0.10/turn              (no ring)

@: lethally poisoned (-7 -> -7), non-regenerating
A: damage resistance, heal wounds, sense surroundings 1, no regeneration
a: Heal Wounds


You were on level 4 of the Dungeon.
You visited 1 branch of the dungeon, and saw 4 of its levels.

You collected 131 gold pieces.

Inventory:

Hand Weapons
 a - a +2 mace (weapon)
 b - a +0 hand crossbow
 f - a +0 dagger
 l - a +0 hunting sling
Missiles
 c - 57 bolts
 m - 109 stones (quivered)
Armour
 e - a +0 robe (worn)
Jewellery
 n - an uncursed ring of positive energy {unknown}
Wands
 u - a wand of polymorph (6)
Scrolls
 g - 2 scrolls of amnesia {unknown}
 h - 2 scrolls of teleportation {unknown}
 k - 2 scrolls of remove curse {unknown}
 o - 2 scrolls of enchant weapon {unknown}
 p - a scroll of enchant armour {unknown}
 v - a scroll of fear {unknown}
 w - a scroll of immolation {unknown}
 y - a scroll of magic mapping {unknown}
 z - a scroll of random uselessness {unknown}
Potions
 d - 2 potions of lignification
 i - a potion of heal wounds {unknown}
 j - a potion of curing {unknown}
 q - a potion of brilliance {unknown}
 r - a potion of degeneration {unknown}
 s - a potion of stabbing {unknown}
 t - 2 potions of mutation {unknown}
 x - a potion of invisibility


   Skills:
 + Level 4.1 Fighting
 - Level 2.1 Maces & Flails
 + Level 5.0 Armour
 + Level 5.1 Stealth
 + Level 2.7 Unarmed Combat


You had 5 spell levels left.
You didn't know any spells.
Your spell library was empty.

Dungeon Overview and Level Annotations

Branches:
Dungeon (4/15)
 Temple: D:4-7

Altars:
Nemelex Xobeh
Okawaru
Ru

Shops:
D:4 :


Innate Abilities, Weirdness & Mutations

You are resistant to damage.
You can heal yourself by infusing magical energy.
You passively map a small area around you.
You do not regenerate.


Message History

The orc hits you from afar with a +0 scythe!
You are too injured to fight recklessly!
You are too injured to fight recklessly!
You barely miss the hobgoblin.
The hobgoblin is almost dead.
The hobgoblin hits you with a +0 scythe.
The hobgoblin hits you with a +0 scythe!
* * * LOW HITPOINT WARNING * * *
The hobgoblin closely misses you. The orc barely misses you.
You hit the hobgoblin.
You kill the hobgoblin!
The hobgoblin closely misses you. The hobgoblin misses you.
You hit the hobgoblin.
You kill the hobgoblin!
The orc hits you from afar with a +0 scythe.
* * * LOW HITPOINT WARNING * * *
The hobgoblin hits you from afar with a +0 scythe!
* * * LOW HITPOINT WARNING * * *
The orc hits you with a +0 scythe!
You die...

#.* * #...., * #... ,
###... * *# #.#.. * *
, * *.+, , #...., ###
, , .# , *#..#### .(,
, ..# , *#....####.#
. .# *
#.##..(@#.###... .#
*### #.#####.o.......
#
#..###.######g......#
# *#........#
#.......# ####
#........# #.......#
≈..####.......#
#########
≈≈..###.#######
≈≈#.....# ≈≈#######


You could see an orc and a hobgoblin.

Vanquished Creatures
  Grinder (D:3)
  A worker ant (D:4)
  4 gnolls (D:2)
  8 adders
  An ooze (D:2)
  A worm (D:3)
  A leopard gecko (D:3)
  9 orcs (D:3)
  A ball python (D:3)
  7 bats
  4 giant cockroaches
  4 goblins
  5 hobgoblins
  3 jackals (D:3)
  7 kobolds
  2 quokkas
  4 frilled lizards
  4 rats
67 creatures vanquished.

Notes
Turn   | Place    | Note
-------+----------+-------------------------------------------
     0 | D:1      | ANON1729 the Deep Dwarf Wanderer began the quest for the
                  | Orb.
     0 | D:1      | ANON1729 set off with the following items: a +2 mace, a +0
                  | hand crossbow, 25 bolts, a potion of lignification, a +0
                  | robe, a +0 dagger
     0 | D:1      | Reached XP level 1. HP: 20/20 MP: 1/1
   333 | D:1      | Reached XP level 2. HP: 27/27 MP: 2/2
   766 | D:2      | Reached XP level 3. HP: 12/34 MP: 3/3
   835 | D:2      | Found an iron altar of Okawaru.
   859 | D:2      | Reached skill level 1 in Unarmed Combat
  1136 | D:2      | Reached XP level 4. HP: 10/42 MP: 4/4
  1195 | D:2      | Found a sparkling altar of Nemelex Xobeh.
  1341 | D:3      | Noticed Grinder
  1495 | D:3      | Paralysed by Grinder for 5 turns
  1506 | D:3      | Killed Grinder
  1506 | D:3      | Reached XP level 5. HP: 43/50 MP: 5/5
  1506 | D:3      | Reached XP level 6. HP: 49/57 MP: 6/6
  1989 | D:3      | Reached skill level 5 in Stealth
  2170 | D:3      | Found a sacrificial altar of Ru.
  2291 | D:4      | Found Zoerup's Book Emporium.
  2335 | D:4      | Reached skill level 5 in Armour
  2341 | D:4      | Mangled by an orc

Illustrated notes

Levels and vault maps discovered:
D:1:      beargit_arrival_greenhouse, layout_loops_ring
D:2:      layout_loops_ring, overflow_temple_1_default,
          lemuel_coloured_pillars_altar
D:3:      layout_basic, nicolae_ru_path_of_blood, uniq_grinder
D:4:      layout_rooms, grunt_temple_overflow_gold_and_silver,
          nicolae_overflow_hidden_temple, serial_shops, nicolae_shop_waterfront,
          sigmund_army

Skill      XL: |  1  2  3  4  5  6 |
---------------+-------------------+-----
Stealth        | 3 4 5 |  5.1
Fighting       | 3 4 |  4.1
Unarmed Combat | 1 2 |  2.7
Armour         | 4 5 |  5.0
Maces & Flails | |  2.1

Action                   |  1- 3 |  4- 6 || total
-------------------------+-------+-------++-------
Melee: Mace              |    78 |    36 ||   114
 Fire: Hand crossbow     |       |   114 ||   114
 Abil: Heal Wounds       |     2 |     7 ||     9
 Stab: Sleeping          |     8 |     4 ||    12
Armor: Robe              |    15 |    23 ||    38
Dodge: Dodged            |    52 |   107 ||   159

Table legend: (Time is in decaauts)
 A = Elapsed time spent in this place.
 B = Non-inter-level travel time spent in this place.
 C = Inter-level travel time spent in this place.
 D = Time resting spent in this place.
 E = Time spent auto-exploring this place.
 F = Levels seen in this place.
 G = Mean time per level.
                   A        B        C        D        E       F      G
               +--------+--------+--------+--------+--------+-----+--------+
         Total |   2431 |   2305 |    126 |      0 |   1710 |   4 |  607.8 |
       Dungeon |   2431 |   2305 |    126 |      0 |   1710 |   4 |  607.8 |
               +--------+--------+--------+--------+--------+-----+--------+

Top non-repeatable levels by time:
     D:3: 874 daAuts
     D:2: 782 daAuts
     D:1: 622 daAuts
     D:4: 151 daAuts
